Map: Sanctuary III LE

Players

Forescene

  • Race: Zerg Zerg
  • League: Grandmaster

GamerNico - Winner!

  • Race: Terran Terran
  • League: Master

VOD

Have the link to the VOD?

Description

Time

  • Played on: July 16, 2026, 7:04 a.m.
  • Length: 7:41
Show
View Real Time Build Order
Export as new Build Order

Forescene Zerg 

Build Orders: Pool First 

Get SALT Encoding   

  8  0:00  Drone  
  9  0:10  Drone  
  10  0:16  Drone  
  11  0:27  Overlord  
  11  0:32  Drone  
  12  0:45  Drone x2  
  14  0:50  Drone  
  15  1:00  Drone  
  16  1:08  Spawning Pool  
  16  1:10  Drone  
  16  1:20  Drone  
  17  1:35  Hatchery  
  17  1:37  Drone  
  17  1:51  Extractor  
  16  1:55  Queen  
  16  1:56  Drone  
  16  2:00  Overlord  
  19  2:03  Drone  
  20  2:09  Extractor, Drone  
  21  2:21  Drone  
  22  2:31  Queen, Drone  
  25  2:43  Drone  
  26  2:47  Drone  
  26  2:49  Drone  
  28  2:53  Extractor  
  28  2:58  Spore Crawler  
  26  2:59  Drone x2  
  26  3:04  Metabolic Boost  
  26  3:05  Overlord  
  30  3:08  Extractor  
  29  3:14  Drone x2  
  32  3:20  Overlord  
  32  3:23  Queen  
  32  3:24  Drone x2  
  32  3:25  Drone  
  36  3:39  Spore Crawler  
  33  3:51  Hatchery, Drone x2  
  33  3:54  Drone x2  
  33  3:55  Drone x2  
  39  3:56  Overlord  
  39  3:59  Drone  
  40  4:05  Drone  
  40  4:09  Drone  
  42  4:12  Queen  
  42  4:13  Zergling x2  
  45  4:19  Zergling x2  
  45  4:23  Drone  
  47  4:27  Drone x3  
  50  4:33  Overlord x2  
  50  4:34  Drone x2  
  50  4:37  Overlord  
  52  4:44  Overlord  
  52  4:50  Queen  
  52  4:51  Overlord  
  54  4:57  Drone  
  54  4:58  Drone, Overlord  
  54  4:59  Drone x2  
  58  5:07  Zergling x4  
  58  5:08  Overlord  
  58  5:10  Queen  
  62  5:18  Drone x2  
  62  5:20  Drone  
  62  5:21  Drone  
  66  5:24  Drone x4  
  66  5:25  Drone x2  
  66  5:27  Evolution Chamber  
  71  5:29  Evolution Chamber  
  71  5:31  Drone x2  
  72  5:36  Drone  
  72  5:39  Drone  
  74  5:43  Drone  
  74  5:44  Drone x2  
  74  5:45  Drone x2, Extractor x2  
  77  5:50  Drone  
  78  5:58  Lair  
  78  6:01  Baneling Nest  
  77  6:05  Drone x4  
  77  6:06  Drone, Hatchery  
  77  6:09  Extractor  
  80  6:12  Drone  
  80  6:17  Overlord  
  81  6:23  Spore Crawler  
  81  6:24  Zergling x2  
  81  6:25  Zergling x14  
  88  6:29  Spore Crawler  
  88  6:30  Drone  
  88  6:31  Overlord  
  88  6:39  Overlord x2  
  88  6:42  Drone x3  
  88  6:43  Extractor  
  90  6:48  Overlord x2  
  90  6:51  Drone  
  90  6:52  Drone x5  
  96  6:59  Baneling  
  96  7:00  Baneling x2  
  96  7:01  Baneling x2  
  96  7:03  Drone  
  96  7:04  Hydralisk Den  
  96  7:10  Zergling x18  
  96  7:12  Baneling  
  96  7:13  Baneling x2  
  104  7:16  Baneling x3  
  104  7:22  Zergling x2  
  96  7:23  Zergling x4  
  96  7:27  Overseer  
Show
View Real Time Build Order
Export as new Build Order

GamerNico Terran - Winner!

Build Orders: Reaper Expand 

Get SALT Encoding   

  8  0:00  SCV  
  9  0:12  SCV  
  10  0:24  SCV  
  10  0:28  Supply Depot  
  11  0:36  SCV  
  12  0:48  SCV  
  13  0:55  Barracks  
  13  1:01  SCV  
  14  1:06  Refinery  
  14  1:13  SCV  
  15  1:25  SCV  
  16  1:37  SCV  
  17  1:48  Reaper  
  17  1:49  Orbital Command  
  18  2:08  Command Center  
  18  2:15  SCV  
  19  2:24  Supply Depot  
  19  2:27  SCV  
  20  2:34  Factory  
  20  2:36  Marine  
  21  2:45  SCV  
  21  2:47  Refinery  
  22  2:56  Barracks Reactor  
  22  2:58  SCV  
  23  3:10  SCV  
  24  3:19  Orbital Command  
  24  3:22  SCV  
  24  3:25  Starport  
  25  3:34  SCV  
  25  3:38  Hellion x2  
  30  3:41  Barracks Tech Lab  
  30  3:45  Orbital Command  
  30  3:46  SCV  
  30  3:58  SCV  
  30  3:59  Hellion  
  30  4:00  Hellion, Stimpack  
  30  4:01  Viking  
  37  4:07  Marine, Supply Depot  
  38  4:11  SCV x2  
  40  4:23  SCV x2  
  42  4:32  Supply Depot  
  42  4:37  Factory Reactor  
  42  4:38  Barracks  
  42  4:39  SCV x2  
  42  4:40  Starport Reactor  
  42  4:41  Barracks  
  44  4:51  SCV x2  
  46  4:55  Marine  
  45  5:00  Supply Depot  
  45  5:03  SCV x2  
  47  5:11  Engineering Bay, Supply Depot  
  47  5:15  SCV  
  47  5:20  Marine  
  49  5:26  Marine x2, SCV  
  49  5:28  Refinery  
  52  5:29  Starport Reactor  
  52  5:36  Terran Infantry Weapons Level 1, Marine x2  
  52  5:39  SCV x2  
  56  5:45  Marine x3, Combat Shield  
  56  5:47  Widow Mine x2  
  63  5:51  SCV x2  
  63  5:54  Barracks  
  65  5:57  Marine x2  
  65  5:58  Barracks  
  65  6:03  SCV  
  69  6:05  Supply Depot, Marine x2  
  69  6:06  Medivac  
  69  6:08  Medivac  
  74  6:26  Marine x4, SCV x2  
  74  6:27  Widow Mine  
  74  6:28  Supply Depot  
  82  6:48  Supply Depot  
  82  6:49  Marine x3, SCV x2, Widow Mine  
  82  6:50  Marine, Supply Depot  
  90  6:59  Marine x2, Medivac x2  
  90  7:00  Refinery, Widow Mine  
  98  7:10  Marine  
  89  7:23  Marine x2  
  89  7:27  SCV x2  
Tags
 
Add a new tag
Caveats
  • Supply blocks, unpowered buildings, or Contaminate may cause inaccurate times.
  • Supply counts are checked every 10 seconds.